[Event "December 19 Late 2023"]
[Site "https://www.chess.com"]
[Date "2023.12.19"]
[Round "7"]
[White "Mohammad, Fahim"]
[Black "Kniazev, Igor"]
[Result "1-0"]
[Board "130"]
[TimeControl "180+1"]
[WhiteFideId "10206248"]
[BlackFideId "4136349"]
[WhiteElo "2177"]
[BlackElo "1853"]
[WhiteTeam "FRA"]
[BlackTeam "RUS"]
[WhiteClock "0:00:12"]
[BlackClock "0:00:00"]

1. d4 Nf6 2. Nf3 c5 3. d5 e6 4. c4 b5 5. dxe6 fxe6 6. Nc3 b4 7. Nb5 d5 8. e4 a6 9. e5 Ne4 10. Nd6+ Bxd6 11. exd6 Qxd6 12. Bd3 Nf6 13. Bg5 Nbd7 14. Qc2 Bb7 15. O-O-O O-O-O 16. Rhe1 h6 17. Bh4 Qf4+ 18. Kb1 d4 19. Bg3 Qg4 20. h3 Qh5 21. Bg6 d3 22. Qxd3 Ne5 23. Qxd8+ Rxd8 24. Rxd8+ Kxd8 25. Bxh5 Nxc4 26. Bg6 Bxf3 27. gxf3 Nd2+ 28. Kc1 Nxf3 29. Rxe6 a5 30. Ra6 Nd4 31. Rxa5 b3 32. Ra8+ Kd7 33. axb3 Nxb3+ 34. Kc2 Nd4+ 35. Kb1 Nd5 36. Ra7+ Kc6 37. Be4 Kb6 38. Rxg7 Nf6 39. Rg6 Kb5 40. Rxf6 Kc4 41. Rxh6 Nb3 42. Bh7 Kd4 43. Rh4+ Kd5 44. Bg8+ Kc6 45. Bxb3 c4 46. Bxc4 Kc5 47. Be2 Kd5 48. Rf4 Ke6 49. h4 Ke7 50. h5 1-0

[Event "December 19 Late 2023"]
[Site "https://www.chess.com"]
[Date "2023.12.19"]
[Round "7"]
[White "Wu, Derek"]
[Black "Demina, Marya"]
[Result "1-0"]
[Board "131"]
[TimeControl "180+1"]
[WhiteFideId "30914558"]
[BlackFideId "4195671"]
[WhiteElo "2211"]
[BlackElo "1978"]
[WhiteTeam "USA"]
[BlackTeam "RUS"]
[WhiteClock "0:00:52"]
[BlackClock "0:00:06"]

1. d4 Nf6 2. c4 c5 3. d5 b5 4. cxb5 a6 5. e3 axb5 6. Bxb5 Qa5+ 7. Nc3 Ba6 8. Bxa6 Nxa6 9. Nf3 Ne4 10. Qd3 Nxc3 11. bxc3 d6 12. O-O g6 13. a4 Bg7 14. Qb5+ Qxb5 15. axb5 Nc7 16. Rxa8+ Nxa8 17. Bd2 Nb6 18. Ra1 O-O 19. e4 Nc4 20. Be1 Rb8 21. Ra4 Nb2 22. Ra7 Rxb5 23. Rxe7 Bf6 24. Re8+ Kg7 25. g4 h6 26. h4 Nd3 27. g5 hxg5 28. hxg5 Be5 29. Bd2 Rb1+ 30. Kg2 Rb2 31. Nxe5 Nxe5 32. Bf4 Nd3 33. Bxd6 Rxf2+ 34. Kg3 Rc2 35. Be7 f5 36. gxf6+ Kf7 37. Rf8# 1-0

[Event "December 19 Late 2023"]
[Site "https://www.chess.com"]
[Date "2023.12.19"]
[Round "7"]
[White "Vila Dupla, Aurelio"]
[Black "Aghasiyev, Kamal"]
[Result "0-1"]
[Board "132"]
[TimeControl "180+1"]
[WhiteFideId "2203383"]
[BlackFideId "13402854"]
[WhiteElo "2009"]
[BlackElo "2196"]
[WhiteTeam "ESP"]
[BlackTeam "AZE"]
[WhiteClock "0:00:00"]
[BlackClock "0:00:39"]

1. Nf3 d5 2. d4 Nf6 3. c4 e6 4. cxd5 exd5 5. Nc3 c6 6. Qc2 Be7 7. Bg5 Nbd7 8. e3 h6 9. Bh4 O-O 10. Bd3 Nh5 11. Bxe7 Qxe7 12. O-O Nhf6 13. Rab1 a5 14. Rfc1 Re8 15. Na4 Ne4 16. Nc5 Ndxc5 17. dxc5 Ng5 18. Nd4 Qf6 19. Bf5 g6 20. Bd3 h5 21. h4 Ne6 22. Nf3 a4 23. b4 axb3 24. Rxb3 Ra5 25. Rc3 d4 26. exd4 Nxd4 27. Nxd4 Qxd4 28. Bxg6 Bg4 29. Bd3 Re5 30. Bf1 Rf5 31. Rd3 Qxc5 32. Rd8+ Kg7 33. Qb2+ Qe5 34. Qxe5+ Rfxe5 35. Rb8 Re7 36. Rb1 b5 37. Rb2 Re1 38. f3 Be6 39. Kf2 Ra1 40. Rb6 R1xa2 41. Rxa2 Rxa2+ 42. Kg3 Bd5 43. Bd3 Rd2 44. Bf5 Rd4 45. Bc8 b4 46. Bb7 c5 0-1

[Event "December 19 Late 2023"]
[Site "https://www.chess.com"]
[Date "2023.12.19"]
[Round "7"]
[White "Soderstrom, Adrian"]
[Black "Clarke, Matthew"]
[Result "1-0"]
[Board "133"]
[TimeControl "180+1"]
[WhiteFideId "1745786"]
[BlackFideId "3227804"]
[WhiteElo "2154"]
[BlackElo "2026"]
[WhiteTeam "SWE"]
[BlackTeam "AUS"]
[WhiteClock "0:02:50"]
[BlackClock "0:00:07"]

1. e4 e5 2. Nf3 Nc6 3. Bb5 Nf6 4. O-O Nxe4 5. Re1 Nd6 6. Nxe5 Be7 7. Bf1 Nxe5 8. Rxe5 O-O 9. d4 Bf6 10. Bd3 Bxe5 11. dxe5 Ne8 12. Nc3 d6 13. Qh5 g6 14. Qh6 dxe5 15. Bg5 Qd7 16. Ne4 1-0

[Event "December 19 Late 2023"]
[Site "https://www.chess.com"]
[Date "2023.12.19"]
[Round "7"]
[White "Wu, Sibo"]
[Black "Melamed, Daniel"]
[Result "0-1"]
[Board "134"]
[TimeControl "180+1"]
[WhiteFideId "8606048"]
[BlackFideId "3229076"]
[WhiteElo "2412"]
[BlackElo "1908"]
[WhiteTeam "CHN"]
[BlackTeam "AUS"]
[WhiteClock "0:00:19"]
[BlackClock "0:00:24"]

1. d4 Nf6 2. Bf4 e6 3. e3 d5 4. Nd2 c5 5. Ngf3 Bd6 6. Bg3 Qc7 7. c3 Nbd7 8. Bd3 e5 9. dxe5 Nxe5 10. Nxe5 Bxe5 11. e4 O-O 12. exd5 Nxd5 13. Bxh7+ Kxh7 14. Qh5+ Kg8 15. Qxe5 Qxe5+ 16. Bxe5 Re8 17. Nf3 f6 18. O-O-O Be6 19. Bg3 b6 20. h4 Rad8 21. h5 Ne7 22. b3 a5 23. h6 Nf5 24. h7+ Kh8 25. Bc7 Rxd1+ 26. Kxd1 b5 27. g4 Nh6 28. g5 Bg4 29. Kc1 Bxf3 30. Rh3 Re1+ 31. Kd2 Re2+ 32. Kc1 Bg4 33. Rd3 fxg5 34. Bxa5 Rxa2 35. Bc7 Rxf2 36. Be5 Rf3 37. Rd7 Nf5 0-1

[Event "December 19 Late 2023"]
[Site "https://www.chess.com"]
[Date "2023.12.19"]
[Round "7"]
[White "Kornyukov, Alexey"]
[Black "Guevara Sanchez, Erick Marvin"]
[Result "1-0"]
[Board "135"]
[TimeControl "180+1"]
[WhiteFideId "4150457"]
[BlackFideId "6700136"]
[WhiteElo "2352"]
[BlackElo "2040"]
[WhiteTeam "RUS"]
[BlackTeam "ESA"]
[WhiteClock "0:00:14"]
[BlackClock "0:00:12"]

1. d4 Nf6 2. c4 e6 3. Nc3 d5 4. cxd5 exd5 5. Bg5 Bb4 6. e3 O-O 7. Bd3 Nbd7 8. Ne2 c6 9. Qc2 h6 10. Bh4 Be7 11. O-O Nb6 12. f3 Re8 13. Rad1 Be6 14. h3 Nfd7 15. Bf2 Bd6 16. e4 Qg5 17. e5 Bxh3 18. Bg3 Nxe5 19. f4 Qg4 20. fxe5 Be7 21. Bf5 Qg5 22. Bxh3 Nc4 23. Bf4 Qh5 24. b3 Bg5 25. Bxg5 hxg5 26. bxc4 g4 27. Rf5 Qh4 28. Rf4 Qh6 29. Bxg4 c5 30. Nxd5 cxd4 31. Qe4 d3 32. Rxd3 Rac8 33. Rh3 Rxc4 34. Qxc4 Qb6+ 35. Nxb6 Rxe5 36. Qxf7# 1-0

[Event "December 19 Late 2023"]
[Site "https://www.chess.com"]
[Date "2023.12.19"]
[Round "7"]
[White "Golubenko, Valentina"]
[Black "Harrington, Steve"]
[Result "1-0"]
[Board "136"]
[TimeControl "180+1"]
[WhiteFideId "4501993"]
[BlackFideId "2038730"]
[WhiteElo "2126"]
[BlackElo "2158"]
[WhiteTeam "CRO"]
[BlackTeam "USA"]
[WhiteClock "0:00:18"]
[BlackClock "0:00:00"]

1. d4 d5 2. g3 Nc6 3. Bg2 Bg4 4. h3 Bf5 5. Nc3 e6 6. Nf3 Nf6 7. O-O Bd6 8. Nb5 Be7 9. Bf4 Rc8 10. c4 a6 11. Nc3 O-O 12. cxd5 exd5 13. Ne5 Bd6 14. Nxc6 bxc6 15. Bg5 Be7 16. Qa4 Rb8 17. Qxc6 Rxb2 18. Qxa6 h6 19. Bf4 Ne4 20. Nxe4 Bxe4 21. Bxe4 dxe4 22. Qc4 Bd6 23. Be3 Qd7 24. Kg2 Rfb8 25. d5 f5 26. Bd4 R2b4 27. Qc3 R4b5 28. a4 Rxd5 29. Qc4 Bf8 30. a5 Kh7 31. Be3 Ra8 32. a6 Rd6 33. a7 Qc6 34. Qxc6 Rxc6 35. Rfb1 f4 36. gxf4 Bc5 37. Bxc5 Rxc5 38. Rb8 Rxa7 39. Rxa7 Rc2 40. Kf1 Rc1+ 41. Kg2 Rc2 42. Rbb7 Rxe2 43. Rxc7 1-0

[Event "December 19 Late 2023"]
[Site "https://www.chess.com"]
[Date "2023.12.19"]
[Round "7"]
[White "Quirke, Jeffrey"]
[Black "Kappeler, Kaspar"]
[Result "1-0"]
[Board "137"]
[TimeControl "180+1"]
[WhiteFideId "2013029"]
[BlackFideId "1309072"]
[WhiteElo "2149"]
[BlackElo "2192"]
[WhiteTeam "USA"]
[BlackTeam "SUI"]
[WhiteClock "0:00:03"]
[BlackClock "0:00:00"]

1. e4 c5 2. c3 d6 3. d4 Nf6 4. Bd3 g6 5. Nf3 Bg7 6. h3 O-O 7. O-O d5 8. e5 Ne4 9. Nbd2 Nxd2 10. Bxd2 cxd4 11. cxd4 Nc6 12. Bb5 Bd7 13. Qe2 a6 14. Bd3 Qb6 15. Be3 Nb4 16. Rfc1 Nxd3 17. Qxd3 Rac8 18. Qd2 Rxc1+ 19. Rxc1 Rc8 20. Rxc8+ Bxc8 21. Ne1 Bf5 22. b3 h5 23. Nd3 Bxd3 24. Qxd3 Qc6 25. Bd2 f6 26. f4 fxe5 27. fxe5 Kh7 28. Qc3 Qd7 29. Qc5 Qf5 30. Qxd5 Qd3 31. Bg5 h4 32. Bxh4 Qb1+ 33. Kh2 Qxa2 34. Bxe7 Qf2 35. Bg5 a5 36. Qe4 Qf7 37. e6 Qe8 38. d5 Qb5 39. Bf4 Qxb3 40. d6 1-0

[Event "December 19 Late 2023"]
[Site "https://www.chess.com"]
[Date "2023.12.19"]
[Round "7"]
[White "Novikova, Margarita"]
[Black "Khokhlova, Daria"]
[Result "1-0"]
[Board "138"]
[TimeControl "180+1"]
[WhiteFideId "14109689"]
[BlackFideId "24182729"]
[WhiteElo "2090"]
[BlackElo "2032"]
[WhiteTeam "GER"]
[BlackTeam "FID"]
[WhiteClock "0:00:06"]
[BlackClock "0:00:17"]

1. e4 c5 2. Nc3 d6 3. d3 Nc6 4. g3 g6 5. Bg2 Bg7 6. Be3 e6 7. Qd2 Rb8 8. h4 h5 9. Nge2 b5 10. d4 cxd4 11. Nxd4 Ne5 12. b3 Bd7 13. Nde2 Bc6 14. Bxa7 Rb7 15. Bd4 b4 16. Nd1 Qc7 17. f4 f6 18. fxe5 fxe5 19. Be3 Nf6 20. Nf2 O-O 21. O-O d5 22. Bc5 Rf7 23. Bxb4 Qb6 24. Ba5 Qa7 25. Kh2 Kh7 26. Bd8 Bh6 27. Qa5 Qe3 28. Bxf6 Rxf6 29. Qe1 Rbf7 30. Nd3 Rxf1 31. Bxf1 dxe4 32. Nxe5 Rf2+ 33. Kh1 Bg7 34. Nxc6 Qf3+ 35. Kg1 e3 36. Ncd4 Rg2+ 37. Bxg2 Qf2+ 38. Qxf2 exf2+ 39. Kxf2 Bxd4+ 40. Nxd4 e5 41. Ne6 Kh6 42. Nc5 e4 43. Nxe4 g5 44. Nxg5 Kg6 45. b4 1-0

[Event "December 19 Late 2023"]
[Site "https://www.chess.com"]
[Date "2023.12.19"]
[Round "7"]
[White "Levine, David"]
[Black "Martynenko, Ivan"]
[Result "0-1"]
[Board "139"]
[TimeControl "180+1"]
[WhiteFideId "2011611"]
[BlackFideId "2053179"]
[WhiteElo "2052"]
[BlackElo "2260"]
[WhiteTeam "USA"]
[BlackTeam "USA"]
[WhiteClock "0:00:00"]
[BlackClock "0:00:22"]

1. d4 Nf6 2. c4 g6 3. g3 Bg7 4. Bg2 e6 5. Nf3 d5 6. O-O O-O 7. Qc2 c6 8. Bf4 Ne4 9. Nbd2 f5 10. Be5 Nd7 11. Bxg7 Kxg7 12. e3 h6 13. Ne1 g5 14. f3 Nef6 15. e4 e5 16. exd5 cxd5 17. dxe5 Nxe5 18. Nd3 Nxc4 19. Nxc4 dxc4 20. Qxc4 Qb6+ 21. Kh1 Be6 22. Qb4 Rfd8 23. Qe7+ Bf7 24. Ne5 Qe6 25. Qxf7+ Qxf7 26. Nxf7 Kxf7 27. Rfd1 Rac8 28. f4 b6 29. Kg1 gxf4 30. gxf4 Nh5 31. Bd5+ Kf6 32. Rd4 Nxf4 33. Rxf4 Rxd5 34. Raf1 Rc2 35. R4f2 Rxf2 36. Rxf2 Ke5 37. Rc2 f4 38. Kf2 Ke4 39. Re2+ Kf5 40. Kf3 Rd3+ 41. Kf2 Kg4 42. Rc2 Kh3 0-1

[Event "December 19 Late 2023"]
[Site "https://www.chess.com"]
[Date "2023.12.19"]
[Round "7"]
[White "Thake, Conrad"]
[Black "BenchGM"]
[Result "0-1"]
[Board "140"]
[TimeControl "180+1"]
[WhiteFideId "5602947"]
[WhiteElo "1662"]
[BlackElo "2240"]
[WhiteTeam "MLT"]
[WhiteClock "0:00:09"]
[BlackClock "0:00:15"]

1. e4 c5 2. Nc3 e6 3. f4 d5 4. Bb5+ Nc6 5. Bxc6+ bxc6 6. d3 Nf6 7. e5 Nd7 8. Nf3 f6 9. O-O Be7 10. Kh1 O-O 11. d4 Ba6 12. Re1 Qb6 13. Na4 Qa5 14. c3 fxe5 15. fxe5 Bb5 16. Nxc5 Nxc5 17. dxc5 Rf5 18. b4 Qc7 19. a4 Bc4 20. Qd4 Raf8 21. Bd2 h6 22. Rac1 Qd8 23. Be3 Qe8 24. Qg4 h5 25. Qg3 Qf7 26. h4 Bd3 27. Ng5 Bxg5 28. Bxg5 Be4 29. Kh2 Rf2 30. Rg1 Ra2 31. Rcf1 Qxf1 32. Rxf1 Rxf1 33. Qe3 Rxg2+ 34. Kh3 Rh1# 0-1

[Event "December 19 Late 2023"]
[Site "https://www.chess.com"]
[Date "2023.12.19"]
[Round "7"]
[White "Sabar Ethmane Daouda"]
[Black "Nery Junior, Jose Antonio"]
[Result "0-1"]
[Board "141"]
[TimeControl "180+1"]
[WhiteFideId "19600097"]
[BlackFideId "2104822"]
[WhiteElo "1950"]
[BlackElo "2197"]
[WhiteTeam "MTN"]
[BlackTeam "BRA"]
[WhiteClock "0:00:01"]
[BlackClock "0:00:56"]

1. b3 c5 2. Bb2 d5 3. e3 a6 4. f4 Nf6 5. Nf3 g6 6. Bxf6 exf6 7. Be2 Bg7 8. O-O O-O 9. c3 Re8 10. Na3 Nc6 11. Nc2 Bf5 12. Nce1 d4 13. exd4 cxd4 14. Nh4 Bd7 15. g3 Qb6 16. Kh1 Bh3 17. Nhg2 Rad8 18. c4 d3 19. Bf3 f5 20. Rc1 Nd4 21. Nxd3 Nxf3 22. Rxf3 Bg4 23. Nf2 Bxf3 24. Qxf3 Rxd2 25. Nh3 Qe6 0-1

[Event "December 19 Late 2023"]
[Site "https://www.chess.com"]
[Date "2023.12.19"]
[Round "7"]
[White "Chiquitita23"]
[Black "Vargas, Mauricio"]
[Result "1-0"]
[Board "142"]
[TimeControl "180+1"]
[BlackFideId "4404572"]
[WhiteElo "1898"]
[BlackElo "1982"]
[BlackTeam "COL"]
[WhiteClock "0:00:44"]
[BlackClock "0:00:00"]

1. e4 d5 2. exd5 Qxd5 3. Nf3 Nf6 4. d4 c6 5. c4 Qa5+ 6. Nc3 Bg4 7. Be2 Nbd7 8. O-O e6 9. Bd2 Qc7 10. h3 h5 11. d5 exd5 12. cxd5 cxd5 13. Nb5 Qb8 14. Re1 Be7 15. Ba5 b6 16. Bc3 Bf5 17. Nbd4 Be4 18. Ng5 Qd6 19. f3 Bg6 20. Nb5 Qc5+ 21. Bd4 Qc8 22. Bd3 Bxd3 23. Nd6+ Kf8 24. Nxc8 Rxc8 25. Qxd3 Nc5 26. Qf5 Rd8 27. Rxe7 Kxe7 28. Re1+ Kf8 29. Bxf6 gxf6 30. Qxf6 1-0

[Event "December 19 Late 2023"]
[Site "https://www.chess.com"]
[Date "2023.12.19"]
[Round "7"]
[White "Oliveira, Tiago Batista"]
[Black "Desideri, Ricardo Maruchi"]
[Result "1-0"]
[Board "144"]
[TimeControl "180+1"]
[WhiteFideId "2108291"]
[BlackFideId "2110440"]
[WhiteElo "1962"]
[BlackElo "1945"]
[WhiteTeam "BRA"]
[BlackTeam "BRA"]
[WhiteClock "0:00:59"]
[BlackClock "0:01:00"]

1. d4 Nf6 2. c4 c5 3. d5 e6 4. Nc3 exd5 5. cxd5 d6 6. g3 g6 7. Bg2 Bg7 8. Nf3 O-O 9. O-O Na6 10. Re1 Rb8 11. a4 Nb4 12. e4 Bg4 13. Bf4 Re8 14. Nb5 Bf8 15. h3 Bxf3 16. Bxf3 a6 17. Nc3 Bg7 18. Bg2 Nh5 19. Be3 b5 20. axb5 axb5 21. Ra7 Ra8 22. Nxb5 Rxa7 23. Nxa7 Qb6 24. Nc6 Nxc6 25. dxc6 Qxc6 26. e5 Qb6 27. exd6 Bxb2 28. d7 Rd8 29. Bg5 f6 30. Re8+ Kg7 31. Qd5 fxg5 32. Qg8+ Kh6 33. Rxd8 Bf6 34. Rb8 Qd6 35. d8=Q Bxd8 36. Rxd8 1-0

[Event "December 19 Late 2023"]
[Site "https://www.chess.com"]
[Date "2023.12.19"]
[Round "8"]
[White "Bluebaum, Matthias"]
[Black "Sarana, Alexey"]
[Result "1/2-1/2"]
[Board "1"]
[TimeControl "180+1"]
[WhiteFideId "24651516"]
[BlackFideId "24133795"]
[WhiteElo "2621"]
[BlackElo "2707"]
[WhiteTeam "GER"]
[BlackTeam "SRB"]
[WhiteClock "0:00:56"]
[BlackClock "0:00:33"]

1. d4 Nf6 2. c4 e6 3. Nc3 d5 4. cxd5 exd5 5. Bg5 c6 6. e3 h6 7. Bf4 Bd6 8. Bxd6 Qxd6 9. Bd3 O-O 10. Nge2 Re8 11. Qd2 Nbd7 12. f3 c5 13. O-O-O a6 14. Bc2 Qe7 15. Nf4 Nb6 16. dxc5 Qxc5 17. Qd4 Qxd4 18. exd4 g5 19. Nd3 Nc4 20. Rde1 Bf5 21. Ne5 Bxc2 22. Kxc2 Nxe5 23. dxe5 Nd7 24. Nxd5 Kg7 25. f4 gxf4 26. Nxf4 Nxe5 27. Rhf1 Ng4 28. Nh5+ Kg6 29. Nf4+ Kg5 30. Nh3+ Kg6 31. Nf4+ Kg5 32. Nh3+ Kh4 33. Rxe8 Rxe8 34. Kd2 Rd8+ 35. Ke2 Re8+ 36. Kd2 Rd8+ 37. Ke2 Re8+ 38. Kd2 1/2-1/2

[Event "December 19 Late 2023"]
[Site "https://www.chess.com"]
[Date "2023.12.19"]
[Round "8"]
[White "Lazavik, Denis"]
[Black "Maksimovic, Bojan"]
[Result "1/2-1/2"]
[Board "2"]
[TimeControl "180+1"]
[WhiteFideId "13515110"]
[BlackFideId "14408120"]
[WhiteElo "2556"]
[BlackElo "2527"]
[WhiteTeam "BLR"]
[BlackTeam "BIH"]
[WhiteClock "0:00:12"]
[BlackClock "0:00:06"]

1. d4 g6 2. c4 Bg7 3. Nf3 d6 4. g3 Nf6 5. Bg2 O-O 6. Nc3 Nbd7 7. O-O e5 8. e4 exd4 9. Nxd4 Re8 10. h3 Nc5 11. Re1 a5 12. Ndb5 Bd7 13. Bf4 Bxb5 14. cxb5 Nfd7 15. Qc2 h5 16. Rad1 h4 17. g4 Ne6 18. Be3 Be5 19. Nd5 g5 20. Qd2 c6 21. bxc6 bxc6 22. f4 cxd5 23. fxe5 d4 24. Bxd4 Nxd4 25. Qxd4 Nxe5 26. Qxd6 Qxd6 27. Rxd6 Rab8 28. b3 a4 29. Re3 axb3 30. axb3 Kg7 31. Bf1 Rb4 32. Rd5 Re7 33. Rb5 Rxb5 34. Bxb5 Rb7 35. Be2 Rb4 36. Kf2 Kf6 37. Ke1 Rd4 38. Bf1 Ng6 39. Bd3 Ke5 40. Kd2 Nf4 41. Kc3 f6 42. b4 Nxd3 43. Rxd3 Rxe4 44. b5 Re1 45. Kb2 Re2+ 46. Ka3 Re1 47. Rb3 Kd6 48. Kb4 Kc7 49. Rf3 Re6 50. Ka5 Kb7 51. Rd3 Re7 52. Rd6 Rf7 53. Rd5 Rf8 54. Rd7+ Kc8 55. Rg7 f5 56. gxf5 Rxf5 57. Ka6 Rf3 58. Rg8+ Kd7 59. Rxg5 Ra3+ 60. Kb6 Rxh3 61. Rh5 Rh1 62. Kb7 h3 63. b6 h2 64. Rh6 Ke7 65. Kb8 Kf7 66. b7 Kg7 67. Rh3 Kg6 68. Rg3+ Kf5 69. Rg2 Kf4 70. Rc2 Kg3 71. Kc7 Rb1 72. Rxh2 Kxh2 73. b8=Q Rxb8 74. Kxb8 1/2-1/2

[Event "December 19 Late 2023"]
[Site "https://www.chess.com"]
[Date "2023.12.19"]
[Round "8"]
[White "Khismatullin, Denis"]
[Black "Niemann, Hans Moke"]
[Result "0-1"]
[Board "3"]
[TimeControl "180+1"]
[WhiteFideId "4142578"]
[BlackFideId "2093596"]
[WhiteElo "2552"]
[BlackElo "2614"]
[WhiteTeam "RUS"]
[BlackTeam "USA"]
[WhiteClock "0:00:00"]
[BlackClock "0:00:02"]

1. e4 e5 2. Nf3 Nc6 3. Bc4 Nf6 4. d3 h6 5. O-O d6 6. c3 g5 7. Bb3 Bg7 8. Re1 O-O 9. Na3 a5 10. Nc4 g4 11. Nfd2 d5 12. Ne3 d4 13. Nf5 Bxf5 14. exf5 dxc3 15. bxc3 Qxd3 16. Ne4 Qxd1 17. Bxd1 h5 18. Rb1 Nxe4 19. Rxe4 Ne7 20. Rxb7 Rfd8 21. Bc2 Nd5 22. Rc4 e4 23. Bg5 Bf6 24. Bxf6 Nxf6 25. Rcxc7 Rd2 26. Bb3 a4 27. Bxf7+ Kh8 28. Rb1 Rad8 29. g3 a3 30. Re1 Rb2 31. Re7 Rdd2 32. Rf1 Kg7 33. Bb3+ Kh6 34. c4 Rd7 35. Re6 Kg5 36. c5 Kxf5 37. Ra6 Rc7 38. c6 Kg6 39. Rc1 Nh7 40. Rb6 Ng5 41. Rb7 Rc8 42. c7 Nh3+ 43. Kf1 Rxf2+ 44. Ke1 e3 45. Rc6+ Kg7 46. Rb8 Ng1 47. Rxc8 Nf3+ 0-1

[Event "December 19 Late 2023"]
[Site "https://www.chess.com"]
[Date "2023.12.19"]
[Round "8"]
[White "Tari, Aryan"]
[Black "Esipenko, Andrey"]
[Result "0-1"]
[Board "4"]
[TimeControl "180+1"]
[WhiteFideId "1510045"]
[BlackFideId "24175439"]
[WhiteElo "2577"]
[BlackElo "2615"]
[WhiteTeam "NOR"]
[BlackTeam "FID"]
[WhiteClock "0:00:00"]
[BlackClock "0:00:03"]

1. e4 e5 2. Nf3 Nc6 3. Nc3 Nf6 4. a3 d5 5. Bb5 Nxe4 6. Qe2 Qd6 7. Nxe4 dxe4 8. Qxe4 Bd7 9. d4 O-O-O 10. dxe5 Nxe5 11. Bxd7+ Qxd7 12. O-O Nxf3+ 13. Qxf3 Bc5 14. Be3 Bxe3 15. Qxe3 Qd4 16. Qxd4 Rxd4 17. Rfe1 Rhd8 18. Kf1 b5 19. g3 R8d7 20. Re8+ Kb7 21. Rae1 a5 22. h4 a4 23. R1e5 Kc6 24. Re3 Rc4 25. c3 Rc5 26. R8e7 Rcd5 27. Rxd7 Rxd7 28. Ke2 Kc5 29. Re5+ Kc4 30. Re4+ Kc5 31. Re5+ Kc4 32. Re4+ Kb3 33. Rb4+ Kc2 34. Rxb5 c5 35. h5 h6 36. g4 f5 37. f3 Re7+ 38. Kf2 f4 39. c4 Kd3 40. Rxc5 Re2+ 41. Kf1 Rxb2 42. Rb5 Ra2 43. c5 Ke3 44. c6 Kxf3 45. Ke1 Rc2 46. Rb4 Rxc6 47. Rxa4 Kxg4 48. Ra7 Rc1+ 49. Kf2 Rc2+ 50. Ke1 Kf3 51. Rxg7 Rh2 0-1

[Event "December 19 Late 2023"]
[Site "https://www.chess.com"]
[Date "2023.12.19"]
[Round "8"]
[White "Dardha, Daniel"]
[Black "Sjugirov, Sanan"]
[Result "0-1"]
[Board "5"]
[TimeControl "180+1"]
[WhiteFideId "240990"]
[BlackFideId "4189302"]
[WhiteElo "2568"]
[BlackElo "2569"]
[WhiteTeam "BEL"]
[BlackTeam "HUN"]
[WhiteClock "0:00:05"]
[BlackClock "0:00:09"]

1. d4 Nf6 2. Bg5 d5 3. e3 c5 4. Bxf6 gxf6 5. dxc5 e6 6. Nf3 Bxc5 7. Be2 f5 8. O-O Nd7 9. c4 dxc4 10. Qa4 O-O 11. Nc3 Nf6 12. Qxc4 Be7 13. Rfd1 Qb6 14. Ne5 Qb4 15. Qf4 Qxf4 16. exf4 Rd8 17. Bf3 Nd7 18. Nc4 Nc5 19. b4 Nd3 20. a3 Nxf4 21. Rxd8+ Bxd8 22. Rd1 Be7 23. Nb5 Ng6 24. Ncd6 Bd7 25. Nc7 Rb8 26. Nxf5 Ba4 27. Nxe7+ Nxe7 28. Rc1 Nc6 29. Bd1 Bxd1 30. Rxd1 Rc8 31. Nb5 a6 32. Nd6 Rd8 33. Kf1 a5 34. b5 Ne7 35. Ke2 Nd5 36. Rxd5 exd5 37. Nxb7 Rb8 38. Nxa5 Rxb5 39. Nc6 Rb2+ 40. Ke1 Kg7 41. a4 Kf6 42. a5 Ra2 43. g3 Kf5 44. f3 Ke6 45. h4 Kd6 46. Nd4 Rxa5 47. Ke2 Ra2+ 48. Ke3 Ra3+ 49. Kf4 Ra4 50. Ke3 Kc5 51. Nb3+ Kc4 52. Nd2+ Kc3 53. Nf1 d4+ 54. Kf4 d3+ 55. Ke3 Ra8 56. Nd2 Re8+ 57. Ne4+ Kc2 58. Kf4 Rxe4+ 59. fxe4 d2 60. Kf5 d1=Q 61. Kf6 Qf3+ 62. Kg7 Qxg3+ 63. Kh6 Qg6# 0-1

[Event "December 19 Late 2023"]
[Site "https://www.chess.com"]
[Date "2023.12.19"]
[Round "8"]
[White "Drygalov, Sergey"]
[Black "Kamsky, Gata"]
[Result "1/2-1/2"]
[Board "6"]
[TimeControl "180+1"]
[WhiteFideId "24171743"]
[BlackFideId "2000024"]
[WhiteElo "2504"]
[BlackElo "2660"]
[WhiteTeam "RUS"]
[BlackTeam "USA"]
[WhiteClock "0:00:07"]
[BlackClock "0:00:19"]

1. d4 f5 2. c4 Nf6 3. Nf3 g6 4. Nc3 Bg7 5. b4 O-O 6. e3 d6 7. Be2 Nc6 8. b5 Na5 9. Rb1 a6 10. a4 c5 11. bxc6 bxc6 12. O-O Be6 13. d5 Bd7 14. Nd4 c5 15. Ne6 Bxe6 16. dxe6 Qc8 17. Nd5 Ra7 18. Bd2 Nc6 19. Bf3 Nd8 20. Nxf6+ Bxf6 21. Bd5 Nxe6 22. e4 Kh8 23. exf5 gxf5 24. Bh6 Rd8 25. Qh5 Ng7 26. Bxg7+ Bxg7 27. Rfe1 Rf8 28. Be6 Qe8 29. Qxe8 Rxe8 30. Bxf5 Bd4 31. g4 Rf8 32. Kg2 Kg7 33. Re6 Rf6 34. Rxf6 Bxf6 35. Rb8 h6 36. Be6 a5 37. f4 Rc7 38. g5 hxg5 39. fxg5 Bxg5 40. Bd5 Bf6 41. Kf3 e6 42. Bxe6 Re7 43. Bd5 Bd4 44. Rg8+ Kf6 45. Rf8+ Kg7 46. Rg8+ Kf6 47. Rf8+ Kg7 48. Ra8 Bc3 49. h4 Re1 50. Kg4 Rg1+ 51. Kf5 Rf1+ 52. Ke6 Rf6+ 53. Kd7 Rh6 54. Ra6 Rxh4 55. Rxd6 Bb4 56. Re6 Rf4 57. Re7+ Kg6 58. Re8 Kf6 59. Kc6 Rd4 60. Kb5 Rd2 61. Re6+ Kf5 62. Re8 Rb2 63. Kc6 Ra2 64. Kb5 Rb2 65. Kc6 Ra2 66. Kb5 Rb2 1/2-1/2

[Event "December 19 Late 2023"]
[Site "https://www.chess.com"]
[Date "2023.12.19"]
[Round "8"]
[White "Nakamura, Hikaru"]
[Black "Kovalev, Vladislav"]
[Result "1-0"]
[Board "7"]
[TimeControl "180+1"]
[WhiteFideId "2016192"]
[BlackFideId "13504398"]
[WhiteElo "2874"]
[BlackElo "2539"]
[WhiteTeam "USA"]
[BlackTeam "FID"]
[WhiteClock "0:00:57"]
[BlackClock "0:00:00"]

1. e4 e5 2. Bc4 Nf6 3. d3 c6 4. Nf3 d5 5. Bb3 Bd6 6. exd5 cxd5 7. O-O O-O 8. Bg5 Be6 9. Nc3 Bc7 10. Bxf6 gxf6 11. d4 e4 12. Nh4 Kh8 13. f4 f5 14. Qh5 Qf6 15. Rad1 Rd8 16. g4 Rg8 17. g5 Qd8 18. Kh1 Nc6 19. Nxd5 Bxd5 20. c4 Na5 21. cxd5 Nxb3 22. Qxf7 Qxd5 23. Qxd5 1-0

[Event "December 19 Late 2023"]
[Site "https://www.chess.com"]
[Date "2023.12.19"]
[Round "8"]
[White "Duda, Jan-Krzysztof"]
[Black "Svane, Rasmus"]
[Result "1-0"]
[Board "8"]
[TimeControl "180+1"]
[WhiteFideId "1170546"]
[BlackFideId "4657101"]
[WhiteElo "2775"]
[BlackElo "2597"]
[WhiteTeam "POL"]
[BlackTeam "GER"]
[WhiteClock "0:00:22"]
[BlackClock "0:00:01"]

1. Nf3 d5 2. c4 e6 3. g3 Nf6 4. Bg2 Be7 5. O-O O-O 6. d4 dxc4 7. Qa4 a6 8. Qxc4 b5 9. Qc2 Bb7 10. Bd2 Be4 11. Qc1 c6 12. a4 Nbd7 13. Nc3 Bg6 14. Nh4 Bh5 15. Bxc6 b4 16. Bxa8 bxc3 17. bxc3 Qxa8 18. f3 Rc8 19. e4 Nb6 20. Rf2 Nc4 21. Bg5 h6 22. Bxh6 gxh6 23. Qxh6 Nd6 24. e5 Nfe4 25. fxe4 Nxe4 26. Rff1 Ng5 27. h3 Rxc3 28. Qxh5 Rxg3+ 29. Kf2 Rxh3 30. Rg1 Rh2+ 31. Kf1 Rh1 32. Qg4 Rxg1+ 33. Kxg1 Qd5 34. Rf1 Kf8 35. Ng6+ Ke8 36. Nxe7 Nh3+ 1-0